 Dungeon Crawl Stone Soup version 0.28-a0-751-gef3a642a4e (webtiles) character file.

Game seed: 7764814139918848162

5 spiderkeys the Skirmisher (level 1, -8/14 HPs)
             Began as a Gargoyle Abyssal Knight on Oct 31, 2021.
             Was a Follower of Lugonu.
             Killed by divine providence
             ... invoked by a smoke demon
              (11 damage)
             ... on level 2 of the Abyss.
             The game lasted 00:00:24 (259 turns).

spiderkeys the Skirmisher (Gargoyle Abyssal Knight)  Turns: 259, Time: 00:00:24

Health: -8/14      AC:  5    Str: 16    XL:     1   Next: 80%
Magic:  2/2        EV: 11    Int: 10    God:    Lugonu [*.....]
Gold:   12         SH:  0    Dex: 10    Spells: 0/0 levels left

rFire   . . .      SeeInvis .   a - +1 mace
rCold   . . .      Faith    .   (no shield)
rNeg    + . .      Spirit   .   b - +0 leather armour
rPois   ∞          Reflect  .   (no helmet)
rElec   +          Harm     .   (no cloak)
rCorr   .          Rampage  .   (no gloves)
Will    .....                   (no boots)
Stlth   +.........              (no amulet)
HPRegen 0.04/turn               (no ring)
MPRegen 0.08/turn               (no ring)

@: no status effects
A: sickness immunity, AC +2, negative energy resistance 1, electricity
resistance, torment resistance 1, petrification resistance
a: Renounce Religion, Depart the Abyss


You were on level 2 of the Abyss.
You worshipped Lugonu.
Lugonu was aware of your devotion.
You visited 0 branches of the dungeon, and saw 0 of its levels.
You visited the Abyss 1 time.

You collected 12 gold pieces.


Innate Abilities, Weirdness & Mutations

You are immune to sickness and miasma.
Your stone body is resilient. (AC +2)
You are immune to poison.
You resist negative energy. (rN+)
You are resistant to electric shocks. (rElec)
You are resistant to unholy torment.
You are immune to petrification.


   Skills:
 + Level 3.3 Fighting
 + Level 2.1 Maces & Flails
 + Level 2.3 Armour
 + Level 0.9 Dodging
 + Level 2.1 Invocations


You couldn't memorise any spells.
You didn't know any spells.
Your spell library was empty.

Inventory:

Hand Weapons
 a - a +1 mace (weapon)
Missiles
 c - 43 sling bullets
 d - 18 arrows
 g - 13 stones
Armour
 b - a +0 leather armour (worn)
Scrolls
 e - a scroll of enchant armour {unknown}
 f - 2 scrolls of identify {unknown}
Potions
 h - a potion of heal wounds {unknown}

Dungeon Overview and Level Annotations

Branches:
Dungeon (0/15)

Altars:

#. .# .# ###. #
###.##..## ##.
#.#...#..##### . ..
..#.#..#.#..# #
..###.#...#....#.# .
.......#.........# #
.......@......## #
#................#
#.# #..............#
.# ##...###......## .
. .#.##.# ##..#...# #
(#.#.#3...###...##.##
#.. .#... .#.....#.#
# #...............#
#.....$.. #.......#


You could see a smoke demon.


Message History

🤖 Initializing magus.rc ... ✅ Successfully initialized magus.rc [v1.9.10] Welcome, spiderkeys the Gargoyle Abyssal Knight.
The monsters here aren't big trick-or-treat fans.
If they won't give you the Orb of Zot, you'll have to take it.
Lugonu says: Depart the Abyss and spread corruption, my servant! (use the ability menu to exit the Abyss) Press ? for a list of commands and other information.
Found a corrupted altar of Lugonu.
You now have 12 gold pieces.
c - 20 sling bullets You see here a +0 leather armour.
An ufetubus assembles itself!
The ufetubus shouts!
The ufetubus hits you but does no damage.
The ufetubus closely misses you.
You barely miss the ufetubus.
The ufetubus hits you but does no damage. x4
You sock the ufetubus!
You kill the ufetubus!
No target in view!
No target in view!
d - 18 arrows Key pressed, stopping explore.
Found a gateway leading deeper into the Abyss.
e - a scroll labelled ALIHOU PEXOYTI
f - a scroll labelled BOANLO HUEBB
There is a gateway leading deeper into the Abyss here.
There is a gateway leading deeper into the Abyss here.
You plunge deeper into the Abyss.
f - 2 scrolls labelled BOANLO HUEBB (gained 1)
Found 23 sling bullets.
Found a gateway leading deeper into the Abyss.
g - 13 stones
c - 43 sling bullets (gained 23)
h - a coppery potion An ancient zyme comes into view.
A smoke demon comes into view.
The smoke demon roars!
The smoke demon gestures at you. Something smites you!
Ouch! That really hurt!
* * * LOW HITPOINT WARNING * * *
There is a gateway leading deeper into the Abyss here. 😱 HP[-11]
You take 11 damage, and now have 3/14 hp.
MASSIVE DAMAGE!! (PAUSE) Unknown command.
The smoke demon gestures at you. Something smites you!
Ouch! That really hurt!
You die...

Action                   || total
-------------------------++-------
Melee: Mace              ||     2
Armor: Leather armour    ||     5
Dodge: Dodged            ||     1

Levels and vault maps discovered:
Abyss:2:  base:
Temple

Notes
Turn   | Place    | Note
-------+----------+-------------------------------------------
     0 | Abyss:1  | spiderkeys the Gargoyle Abyssal Knight began the quest for
                  | the Orb.
     0 | Abyss:1  | Reached XP level 1. HP: 14/14 MP: 2/2
     0 | Abyss:1  | magus.rc [v1.9.10]
   253 | Abyss:2  | Noticed an ancient zyme
   257 | Abyss:2  | Noticed a smoke demon
   258 | Abyss:2  | HP: 3/14 [smoke demon/divine providence (11)]
   259 | Abyss:2  | Killed from afar by a smoke demon

Vanquished Creatures
  An ufetubus (Abyss:1)
1 creature vanquished.

Table legend:
 A = Non-vault XP
 B = Vault XP
 C = Vault XP percentage of total XP
 D = Non-vault monster count
 E = Vault monster count
 F = Vault count percentage of total count
                 A         B        C        D         E       F
            +---------+---------+-------+---------+---------+-------
      Total |       8 |       0 |   0.0 |       1 |       0 |   0.0
            +---------+---------+-------+---------+---------+-------
    Abyss:1 |       8 |       0 |   0.0 |       1 |       0 |   0.0
            +---------+---------+-------+---------+---------+-------

Illustrated notes

Table legend:
 A = Kills in this place as a percentage of kills in entire the game.
 B = Kills by you in this place as a percentage of kills by you in the entire game.
 C = Kills by friends in this place as a percentage of kills by friends in the entire game.
 D = Other kills in this place as a percentage of other kills in the entire game.
 E = Experience gained in this place as a percentage of experience gained in the entire game.
 F = Experience gained in this place divided by the number of levels of this place that you have seen.
                   A       B       C       D       E      F
               +-------+-------+-------+-------+-------+----------------------
         Total | 100.0 | 100.0 |   N/A |   N/A | 100.0 |   4.0
         Abyss | 100.0 | 100.0 |   N/A |   N/A | 100.0 |   4.0
               +-------+-------+-------+-------+-------+----------------------

Table legend: (Time is in decaauts)
 A = Elapsed time spent in this place.
 B = Non-inter-level travel time spent in this place.
 C = Inter-level travel time spent in this place.
 D = Time resting spent in this place.
 E = Time spent auto-exploring this place.
 F = Levels seen in this place.
 G = Mean time per level.
                   A        B        C        D        E       F      G
               +--------+--------+--------+--------+--------+-----+--------+
         Total |    259 |    259 |      0 |      0 |    183 |   2 |  129.5 |
         Abyss |    259 |    259 |      0 |      0 |    183 |   2 |  129.5 |
               +--------+--------+--------+--------+--------+-----+--------+

Top non-repeatable levels by time:
 Abyss:1: 222 daAuts
 Abyss:2: 36 daAuts
